[ AOE2 MATCH · #495463781 ]
UnrankedVietnamese vs Italians
Player's team · LOSS
Rival team · WIN
[ REPLAY ANALYSIS · EXTRACTED FROM THE RECORDED GAME ]
Feudal
11:58
Castle
22:48
Imperial
35:33
| APM avg | 20.7 |
| APM peak | 33 |
| eAPM avg | 14.5 |
| Villagers / military | 112 / 79 |
Focus
⚔️ 29.8% · 🌾 70.2%
Skirmisher ×33 · Cavalry Archer ×17 · Rattan Archer ×13 · Scout Cavalry ×7 · Trebuchet (Packed) ×5 · Monk ×3
Feudal
13:06
Castle
16:44
Imperial
36:11
| APM avg | 40.7 |
| APM peak | 76 |
| eAPM avg | 26.6 |
| Villagers / military | 204 / 89 |
Focus
⚔️ 27.5% · 🌾 72.5%
Knight ×57 · Genoese Crossbowman ×19 · Spearman ×4 · Trebuchet (Packed) ×3 · Monk ×2 · Mangonel ×2
Match map
Initial resources + every placement click. Lines = walls · curves = elevation contours. ◆ gold · ⬟ stone · ● berries · ✦ relic · ◌ wall gap
Your base· Open — unwalled flank
FelixAldi's base· Open — 8t gap
Smoothed initial terrain · ◌ = detected wall gap · hover for details
Inputs per minute
— be water my friend - - FelixAldi
Build order — be water my friend
First 150 of 328 actions detected
| 0:32 | Build | Town Center |
| 1:52 | Build | House |
| 2:31 | Queue | Villager (Male) |
| 2:31 | Queue | Villager (Male) |
| 2:32 | Queue | Villager (Male) |
| 2:32 | Queue | Villager (Male) |
| 2:58 | Build | House |
| 3:55 | Queue | Villager (Male) |
| 3:56 | Queue | Villager (Male) |
| 4:23 | Queue | Villager (Male) |
| 4:39 | Build | House |
| 4:50 | Queue | Villager (Male) |
| 5:17 | Queue | Villager (Male) |
| 5:18 | Queue | Villager (Male) |
| 5:37 | Queue | Villager (Male) |
| 5:53 | Build | House |
| 6:09 | Build | Lumber Camp |
| 6:10 | Queue | Villager (Male) |
| 6:11 | Queue | Villager (Male) |
| 6:11 | Queue | Villager (Male) |
| 6:35 | Queue | Villager (Male) |
| 6:40 | Build | House |
| 7:52 | Queue | Villager (Male) |
| 8:10 | Build | Mill |
| 8:15 | Queue | Villager (Male) |
| 8:40 | Queue | Villager (Male) |
| 9:04 | Research | Loom |
| 9:48 | Research | Feudal Age |
| 10:19 | Build | House |
| 10:44 | Build | Barracks |
| 10:52 | Queue | Villager (Male) |
| 10:52 | Queue | Villager (Male) |
| 11:58 | Age | Feudal Age |
| 11:59 | Build | Stable |
| 12:03 | Research | Double-Bit Axe |
| 12:03 | Research | Double-Bit Axe |
| 12:05 | Queue | Villager (Male) |
| 12:24 | Research | Town Watch |
| 12:24 | Queue | Villager (Male) |
| 12:32 | Build | House |
| 12:45 | Queue | Scout Cavalry |
| 12:45 | Queue | Scout Cavalry |
| 12:46 | Queue | Scout Cavalry |
| 13:02 | Queue | Scout Cavalry |
| 13:12 | Queue | Villager (Male) |
| 13:30 | Queue | Scout Cavalry |
| 13:31 | Queue | Villager (Male) |
| 13:35 | Build | Blacksmith |
| 14:09 | Queue | Villager (Male) |
| 14:41 | Research | Forging |
| 14:42 | Queue | Villager (Male) |
| 14:55 | Build | Farm |
| 14:57 | Build | Farm |
| 14:58 | Queue | Villager (Male) |
| 15:13 | Build | House |
| 15:19 | Research | Wheelbarrow |
| 15:19 | Research | Wheelbarrow |
| 15:28 | Build | House |
| 15:32 | Build | Mining Camp |
| 15:47 | Queue | Scout Cavalry |
| 16:15 | Queue | Scout Cavalry |
| 16:21 | Queue | Villager (Male) |
| 16:26 | Queue | Villager (Male) |
| 17:02 | Queue | Villager (Male) |
| 17:15 | Queue | Villager (Male) |
| 17:28 | Queue | Villager (Male) |
| 17:31 | Build | Archery Range |
| 17:58 | Build | House |
| 17:58 | Build | Palisade Wall |
| 18:19 | Queue | Villager (Male) |
| 18:27 | Build | Watch Tower |
| 19:02 | Queue | Skirmisher |
| 19:02 | Queue | Skirmisher |
| 19:08 | Build | House |
| 19:11 | Build | Palisade Wall |
| 19:40 | Queue | Skirmisher |
| 20:08 | Research | Castle Age |
| 20:49 | Research | Fletching |
| 20:58 | Build | Mining Camp |
| 22:05 | Research | Horse Collar |
| 22:43 | Queue | Villager (Male) |
| 22:48 | Age | Castle Age |
| 22:59 | Queue | Villager (Male) |
| 23:08 | Queue | Villager (Male) |
| 23:13 | Build | Town Center |
| 23:42 | Research | Bow Saw |
| 23:43 | Research | Bow Saw |
| 23:44 | Queue | Villager (Male) |
| 23:57 | Build | Mill |
| 24:08 | Queue | Villager (Male) |
| 24:27 | Build | Market |
| 24:42 | Build | Watch Tower |
| 24:45 | Queue | Villager (Male) |
| 25:04 | Build | Monastery |
| 25:15 | Queue | Cavalry Archer |
| 25:16 | Queue | Cavalry Archer |
| 25:16 | Queue | Cavalry Archer |
| 25:29 | Queue | Villager (Male) |
| 25:42 | Build | Town Center |
| 25:45 | Queue | Monk |
| 25:45 | Queue | Monk |
| 26:03 | Build | House |
| 26:10 | Queue | Villager (Male) |
| 26:13 | Queue | Villager (Male) |
| 26:26 | Build | Farm |
| 26:27 | Build | Farm |
| 26:31 | Build | Farm |
| 26:32 | Build | Farm |
| 26:33 | Queue | Villager (Male) |
| 26:48 | Queue | Cavalry Archer |
| 27:06 | Build | Farm |
| 27:07 | Build | Farm |
| 27:10 | Build | Farm |
| 27:11 | Build | Farm |
| 27:14 | Queue | Villager (Male) |
| 27:29 | Queue | Villager (Male) |
| 27:31 | Queue | Villager (Male) |
| 27:33 | Build | Farm |
| 27:34 | Build | Farm |
| 27:35 | Build | Farm |
| 27:37 | Queue | Villager (Male) |
| 27:37 | Queue | Villager (Male) |
| 27:45 | Build | Siege Workshop |
| 28:00 | Queue | Villager (Male) |
| 28:14 | Queue | Mangonel |
| 28:26 | Queue | Villager (Male) |
| 28:29 | Queue | Villager (Male) |
| 28:40 | Build | Town Center |
| 28:54 | Queue | Villager (Male) |
| 28:56 | Queue | Villager (Male) |
| 29:10 | Queue | Villager (Male) |
| 29:12 | Queue | Villager (Male) |
| 29:14 | Build | Farm |
| 29:15 | Build | Farm |
| 29:17 | Build | Farm |
| 29:18 | Build | Farm |
| 29:19 | Build | Farm |
| 29:20 | Build | Farm |
| 29:36 | Queue | Villager (Male) |
| 29:50 | Build | House |
| 29:51 | Build | House |
| 29:59 | Queue | Villager (Male) |
| 30:00 | Queue | Villager (Male) |
| 30:01 | Queue | Villager (Male) |
| 30:04 | Build | Farm |
| 30:05 | Build | Farm |
| 30:11 | Build | Market |
| 30:23 | Queue | Villager (Male) |
| 30:25 | Queue | Villager (Male) |
| 30:52 | Queue | Villager (Male) |
Build order — FelixAldi
First 150 of 542 actions detected
| 0:28 | Build | Town Center |
| 1:19 | Build | House |
| 2:23 | Queue | Villager (Male) |
| 2:24 | Queue | Villager (Male) |
| 2:24 | Queue | Villager (Male) |
| 2:24 | Queue | Villager (Male) |
| 3:30 | Queue | Villager (Male) |
| 3:31 | Queue | Villager (Male) |
| 3:45 | Build | House |
| 3:53 | Build | House |
| 3:57 | Build | House |
| 4:02 | Queue | Villager (Male) |
| 4:02 | Queue | Villager (Male) |
| 4:48 | Queue | Villager (Male) |
| 4:48 | Queue | Villager (Male) |
| 4:48 | Queue | Villager (Male) |
| 4:49 | Queue | Villager (Male) |
| 5:02 | Build | House |
| 5:03 | Build | House |
| 5:21 | Queue | Villager (Male) |
| 5:21 | Queue | Villager (Male) |
| 5:39 | Queue | Villager (Male) |
| 5:39 | Queue | Villager (Male) |
| 6:32 | Queue | Villager (Male) |
| 6:32 | Queue | Villager (Male) |
| 6:32 | Queue | Villager (Male) |
| 6:37 | Build | Lumber Camp |
| 6:59 | Queue | Villager (Male) |
| 7:13 | Build | House |
| 7:16 | Queue | Villager (Male) |
| 7:16 | Queue | Villager (Male) |
| 7:26 | Build | Palisade Wall |
| 7:46 | Build | House |
| 8:07 | Queue | Villager (Male) |
| 8:07 | Queue | Villager (Male) |
| 8:10 | Queue | Villager (Male) |
| 8:10 | Queue | Villager (Male) |
| 9:54 | Research | Loom |
| 9:54 | Research | Loom |
| 9:58 | Build | Barracks |
| 10:26 | Queue | Villager (Male) |
| 10:26 | Queue | Villager (Male) |
| 10:56 | Research | Feudal Age |
| 12:20 | Queue | Villager (Male) |
| 12:20 | Queue | Villager (Male) |
| 12:39 | Build | Mining Camp |
| 13:06 | Age | Feudal Age |
| 13:09 | Build | Blacksmith |
| 13:14 | Build | Mill |
| 13:22 | Queue | Villager (Male) |
| 13:39 | Build | Market |
| 14:04 | Research | Castle Age |
| 14:22 | Research | Double-Bit Axe |
| 15:38 | Queue | Villager (Male) |
| 15:47 | Queue | Spearman |
| 15:48 | Queue | Spearman |
| 15:53 | Queue | Spearman |
| 15:59 | Queue | Spearman |
| 16:26 | Build | Palisade Wall |
| 16:27 | Build | Palisade Wall |
| 16:30 | Build | Palisade Wall |
| 16:34 | Build | Palisade Wall |
| 16:40 | Build | Palisade Wall |
| 16:42 | Build | House |
| 16:43 | Build | House |
| 16:44 | Age | Castle Age |
| 17:01 | Build | Castle |
| 17:19 | Queue | Villager (Male) |
| 17:19 | Queue | Villager (Male) |
| 17:46 | Queue | Villager (Male) |
| 17:46 | Queue | Villager (Male) |
| 17:46 | Queue | Villager (Male) |
| 18:20 | Queue | Villager (Male) |
| 18:20 | Queue | Villager (Male) |
| 18:21 | Queue | Villager (Male) |
| 18:31 | Queue | Villager (Male) |
| 18:31 | Queue | Villager (Male) |
| 18:35 | Queue | Villager (Male) |
| 18:42 | Queue | Villager (Male) |
| 18:48 | Queue | Villager (Male) |
| 18:48 | Queue | Villager (Male) |
| 19:03 | Queue | Villager (Male) |
| 19:15 | Queue | Villager (Male) |
| 19:30 | Queue | Villager (Male) |
| 19:33 | Queue | Villager (Male) |
| 19:33 | Queue | Villager (Male) |
| 19:37 | Queue | Villager (Male) |
| 19:37 | Queue | Villager (Male) |
| 19:37 | Queue | Villager (Male) |
| 19:46 | Queue | Villager (Male) |
| 19:53 | Build | Town Center |
| 19:57 | Queue | Villager (Male) |
| 19:57 | Queue | Villager (Male) |
| 20:12 | Queue | Villager (Male) |
| 20:20 | Research | Bow Saw |
| 20:44 | Queue | Villager (Male) |
| 20:45 | Queue | Villager (Male) |
| 20:47 | Queue | Villager (Male) |
| 21:20 | Queue | Villager (Male) |
| 21:34 | Build | Town Center |
| 21:50 | Research | Horse Collar |
| 21:50 | Research | Horse Collar |
| 22:16 | Queue | Villager (Male) |
| 22:16 | Queue | Villager (Male) |
| 22:17 | Queue | Villager (Male) |
| 22:17 | Queue | Villager (Male) |
| 22:39 | Build | Farm |
| 22:41 | Build | Farm |
| 22:45 | Build | Farm |
| 22:48 | Build | Farm |
| 22:50 | Build | Farm |
| 22:52 | Build | Lumber Camp |
| 23:00 | Queue | Villager (Male) |
| 23:01 | Queue | Villager (Male) |
| 23:01 | Queue | Villager (Male) |
| 23:15 | Build | Monastery |
| 23:44 | Build | Farm |
| 23:46 | Build | Farm |
| 23:48 | Queue | Villager (Male) |
| 23:49 | Queue | Villager (Male) |
| 23:50 | Research | Town Watch |
| 23:51 | Research | Town Watch |
| 23:52 | Queue | Villager (Male) |
| 23:52 | Queue | Villager (Male) |
| 24:07 | Queue | Villager (Male) |
| 24:11 | Build | Outpost |
| 24:25 | Queue | Villager (Male) |
| 24:25 | Queue | Villager (Male) |
| 24:25 | Queue | Villager (Male) |
| 24:28 | Build | Farm |
| 24:30 | Build | Farm |
| 24:35 | Queue | Villager (Male) |
| 24:35 | Queue | Villager (Male) |
| 24:37 | Queue | Villager (Male) |
| 24:39 | Queue | Villager (Male) |
| 24:40 | Queue | Villager (Male) |
| 24:47 | Build | Town Center |
| 24:54 | Queue | Villager (Male) |
| 24:55 | Queue | Villager (Male) |
| 25:03 | Queue | Monk |
| 25:06 | Queue | Villager (Male) |
| 25:06 | Queue | Villager (Male) |
| 25:09 | Build | Outpost |
| 25:10 | Build | Outpost |
| 25:15 | Build | Farm |
| 25:26 | Build | Farm |
| 25:28 | Build | Farm |
| 25:29 | Queue | Villager (Male) |
| 25:29 | Queue | Villager (Male) |
| 25:31 | Build | Farm |
Match timeline
| 7:26 | FelixAldi · wall_segment Palisade Wall x1 |
| 9:58 | FelixAldi · first_building Barracks |
| 10:44 | be water my friend · first_building Barracks |
| 11:58 | be water my friend · age_up feudal |
| 11:59 | be water my friend · first_building Stable |
| 13:06 | FelixAldi · age_up feudal |
| 15:16 | FelixAldi · first_market_buy 100 stone |
| 16:26 | FelixAldi · wall_segment Palisade Wall x1 |
| 16:27 | FelixAldi · wall_segment Palisade Wall x1 |
| 16:30 | FelixAldi · wall_segment Palisade Wall x1 |
| 16:34 | FelixAldi · wall_segment Palisade Wall x1 |
| 16:40 | FelixAldi · wall_segment Palisade Wall x1 |
| 16:44 | FelixAldi · age_up castle |
| 17:01 | FelixAldi · first_building Castle |
| 17:31 | be water my friend · first_building Archery Range |
| 17:43 | FelixAldi · first_market_sell 100 wood |
| 17:58 | be water my friend · wall_segment Palisade Wall x1 |
| 19:11 | be water my friend · wall_segment Palisade Wall x4 |
| 22:48 | be water my friend · age_up castle |
| 23:15 | FelixAldi · first_building Monastery |
| 25:04 | be water my friend · first_building Monastery |
| 25:26 | be water my friend · first_market_buy 100 wood |
| 26:16 | FelixAldi · first_building Siege Workshop |
| 27:29 | FelixAldi · first_building Stable |
| 27:45 | be water my friend · first_building Siege Workshop |
| 34:00 | be water my friend · first_building Castle |
| 34:48 | FelixAldi · first_building Archery Range |
| 35:33 | be water my friend · age_up imperial |
| 36:11 | FelixAldi · age_up imperial |
| 43:16 | be water my friend · resign |
[ AI ANALYSIS · 1 CREDIT ]
What really happened in this match?
Wolo.gg analyzes every decision: build order, eco, micro, common mistakes by bracket. Personalized analysis on WhatsApp or Discord in 30 seconds.
Civ guide
Vietnamese
Perfil
Jugador #2925148